 Dungeon Crawl Stone Soup version 0.24.1-5-g77f818bfca (webtiles) character file.

Game seed: 13592457902837020641, levelgen mode: deterministic

76 Gruesph the Changer (level 4, -1/38 HPs)
             Began as a Gnoll Wanderer on Apr 22, 2020.
             Slain by an orc priest (4 damage)
             ... on level 2 of the Dungeon.
             The game lasted 00:04:14 (1235 turns).

Gruesph the Changer (Gnoll Wanderer)                Turns: 1235, Time: 00:04:15

Health: -1/38      AC:  2    Str: 16    XL:     4   Next: 32%
Magic:  4/6        EV: 12    Int: 12    God:
Gold:   80         SH:  0    Dex: 16    Spells: 5/5 levels left

rFire    . . .     SeeInvis .   a - +0 short sword
rCold    . . .     Gourm    .   (no shield)
rNeg     . . .     Faith    .   d - +0 robe
rPois    .         Spirit   .   (no helmet)
rElec    .         Reflect  .   (no cloak)
rCorr    .         Harm     .   (no gloves)
MR       .....                  (no boots)
Stlth    ++........             (no amulet)
HPRegen  0.12/turn              (no ring)
MPRegen  0.10/turn              (no ring)

@: no status effects
A: distributed training, fangs 1, strong nose
a: no special abilities


You were on level 2 of the Dungeon.
You were not hungry.

You visited 1 branch of the dungeon, and saw 2 of its levels.

You collected 80 gold pieces.

Inventory:

Hand Weapons
 a - a +0 short sword (weapon)
Missiles
 b - 19 arrows
 e - 51 stones (quivered)
Armour
 d - a +0 robe (worn)
Scrolls
 c - a scroll of fog {unknown}
 h - a scroll of noise {unknown}
 k - a scroll of teleportation {unknown}
 m - a scroll of immolation {unknown}
 n - a scroll of identify {unknown}
Potions
 g - a potion of heal wounds {unknown}
 i - a potion of resistance {unknown}
 j - a potion of cancellation {unknown}
Comestibles
 f - a ration


   Skills:
 + Level 4.6 Fighting
 + Level 2.7 Short Blades
 + Level 1.1 Long Blades
 + Level 1.1 Axes
 + Level 1.1 Maces & Flails
 + Level 1.1 Polearms
 + Level 1.1 Staves
 + Level 1.1 Slings
 + Level 1.1 Bows
 + Level 1.1 Crossbows
 + Level 1.1 Throwing
 + Level 1.1 Armour
 + Level 1.1 Dodging
 + Level 1.1 Stealth
 + Level 2.7 Shields
 + Level 1.1 Unarmed Combat
 + Level 1.1 Spellcasting
 + Level 0.8 Conjurations
 + Level 0.8 Hexes
 + Level 0.8 Charms
 + Level 0.8 Summonings
 + Level 0.8 Necromancy
 + Level 0.8 Translocations
 + Level 5.4 Transmutations
 + Level 0.8 Fire Magic
 + Level 0.8 Ice Magic
 + Level 3.8 Air Magic
 + Level 0.8 Earth Magic
 + Level 0.8 Poison Magic
 + Level 1.2 Invocations
 + Level 2.7 Evocations


You had 5 spell levels left.
You didn't know any spells.
Your spell library contained the following spells:

 Spells                   Type           Power        Failure   Level  Hunger
 Shock                    Conj/Air       #...         12%         1    ##.....
 Swiftness                Chrm/Air       #.......     17%         2    ###....
 Summon Small Mammal      Summ           #...         22%         1    ##.....
 Static Discharge         Conj/Air       #.......     34%         3    ####...
 Airstrike                Air            #.........   52%         4    #####..
 Summon Guardian Golem    Hex/Summ       #.......     54%         3    ####...
 Lightning Bolt           Conj/Air       #.........   97%         5    ######.


Dungeon Overview and Level Annotations

Branches:
Dungeon (2/15)

Altars:


Innate Abilities, Weirdness & Mutations

Your experience applies equally to all skills.
You have very sharp teeth.
Your uncanny sense of smell can sniff out nearby items.


Message History

You have reached level 4!
You feel stronger. The orc priest hits you.
* * * LOW HITPOINT WARNING * * *
You closely miss the orc priest. The orc priest barely misses you.
You hit the orc priest. You bite the orc priest.
The orc priest is heavily wounded.
The orc priest closely misses you.
You hit the orc priest.
The orc priest is heavily wounded.
You hit the orc priest.
You bite the orc priest, but do no damage.
The orc priest is heavily wounded.
The orc priest invokes the aid of Beogh against you.
Pain shoots through your body!
* * * LOW HITPOINT WARNING * * *
You hit the orc priest.
The orc priest is severely wounded.
The orc priest hits you.
You die...

.o> ##.##
##o..##
#..o..#
#.....#
####..)..#
#o.......###
#o##.รท.....+
#@##.....###
#.##.#.#.#
#.##...#.#
#.###.##.#
#.###.##.#
#+#
#........#
#.#
#####.####
#.# #.# ##.#
#.# ###...


You could see an orc priest and an orc.

Vanquished Creatures
  2 orc wizards (D:2)
  A dart slug (D:2)
  An orc (D:2)
  2 goblins (D:1)
  3 hobgoblins
  3 bats
  A frilled lizard (D:2)
  3 kobolds
  7 rats (D:1)
23 creatures vanquished.

Notes
Turn   | Place    | Note
-------+----------+-------------------------------------------
     0 | D:1      | Gruesph the Gnoll Wanderer began the quest for the Orb.
     0 | D:1      | Gruesph set off with the following items: a +0 short sword,
                  | a +0 robe, a ration; and the following spells available to
                  | memorise: Shock, Swiftness, Summon Small Mammal, Static
                  | Discharge, Airstrike, Summon Guardian Golem, Lightning Bolt
     0 | D:1      | Reached XP level 1. HP: 20/20 MP: 2/2
   343 | D:1      | Reached XP level 2. HP: 9/26 MP: 3/3
  1211 | D:2      | Reached skill level 1 in Invocations
  1211 | D:2      | Reached XP level 3. HP: 25/31 MP: 4/4
  1230 | D:2      | Reached skill level 1 in Long Blades
  1230 | D:2      | Reached skill level 1 in Axes
  1230 | D:2      | Reached skill level 1 in Maces & Flails
  1230 | D:2      | Reached skill level 1 in Polearms
  1230 | D:2      | Reached skill level 1 in Staves
  1230 | D:2      | Reached skill level 1 in Slings
  1230 | D:2      | Reached skill level 1 in Bows
  1230 | D:2      | Reached skill level 1 in Crossbows
  1230 | D:2      | Reached skill level 1 in Throwing
  1230 | D:2      | Reached skill level 1 in Armour
  1230 | D:2      | Reached skill level 1 in Dodging
  1230 | D:2      | Reached skill level 1 in Stealth
  1230 | D:2      | Reached skill level 1 in Unarmed Combat
  1230 | D:2      | Reached skill level 1 in Spellcasting
  1230 | D:2      | Reached XP level 4. HP: 8/38 MP: 4/6
  1235 | D:2      | Slain by an orc priest

Levels and vault maps discovered:
D:1:      dpeg_arrival_pits, layout_loops_corners, st_stairs_1
D:2:      layout_loops_corners, kennysheep_generic_room_7, uniq_sigmund,
          uniq_jessica

Skill      XL: |  1  2  3 |
---------------+----------+-----
Invocations    | 1 |  1.2
Long Blades    | 1 |  1.1
Axes           | 1 |  1.1
Maces & Flails | 1 |  1.1
Polearms       | 1 |  1.1
Staves         | 1 |  1.1
Slings         | 1 |  1.1
Bows           | 1 |  1.1
Crossbows      | 1 |  1.1
Throwing       | 1 |  1.1
Armour         | 1 |  1.1
Dodging        | 1 |  1.1
Stealth        | 1 |  1.1
Unarmed Combat | 1 |  1.1
Spellcasting   | 1 |  1.1
Fighting       | |  4.6
Short Blades   | |  2.7
Shields        | |  2.7
Conjurations   | |  0.8
Hexes          | |  0.8
Charms         | |  0.8
Summonings     | |  0.8
Necromancy     | |  0.8
Translocations | |  0.8
Transmutations | |  5.4
Fire Magic     | |  0.8
Ice Magic      | |  0.8
Air Magic      | |  3.8
Earth Magic    | |  0.8
Poison Magic   | |  0.8
Evocations     | |  2.7

Action                   |  1- 3 |  4- 6 || total
-------------------------+-------+-------++-------
Melee: Short sword       |    59 |     5 ||    64
       Bite              |     9 |     2 ||    11
Throw: Javelin           |     3 |       ||     3
 Stab: Sleeping          |     2 |       ||     2
  Eat: Chunk             |     1 |       ||     1
Armor: Robe              |    12 |       ||    12
Dodge: Dodged            |    30 |     2 ||    32
